 Dungeon Crawl Stone Soup version 0.31.0-11-ge490571c62 (webtiles) character file.

Game seed: 9759127564336243401

5438 qw the Markself (level 10, 0/59 HPs)
             Began as a Deep Elf Hunter on Feb 4, 2024.
             Was an Elder of Okawaru.
             Succumbed to a water moccasin's poison
             ... on level 1 of the Lair of Beasts.
             The game lasted 00:00:44 (7719 turns).

qw the Markself (Deep Elf Hunter)                   Turns: 7719, Time: 00:00:44

Health: 0/59       AC: 12    Str: 12    XL:     10   Next: 41%
Magic:  15/15      EV: 22    Int: 15    God:    Okawaru [****..]
Gold:   414        SH:  0    Dex: 24    Spells: 9/9 levels left

rFire   . . .        d - +0 orcbow
rCold   . . .        (shield currently unavailable)
rNeg    . . .        h - +1 ring mail
rPois   .            l - +2 helmet {SInv}
rElec   .            f - +2 cloak
rCorr   .            (no gloves)
SInv    +            (no boots)
Will    +....        (no amulet)
Stlth   ++           k - +5 ring of evasion
HPRegen 0.29/turn    g - +6 ring of dexterity
MPRegen 0.14/turn

%: no passive effects
@: lethally poisoned (0 -> -19)
A: no striking features
a: Renounce Religion, Heroism, Finesse


You were on level 1 of the Lair of Beasts.
You worshipped Okawaru.
Okawaru was greatly pleased with you.
You visited 3 branches of the dungeon, and saw 10 of its levels.

You collected 414 gold pieces.


   Skills:
 - Level 5.3 Fighting
 + Level 15.2 Ranged Weapons
 - Level 2.2 Armour
 - Level 9.0 Dodging
 - Level 1.2 Stealth
 + Level 4.4 Invocations


You had 9 spell levels left.
You didn't know any spells.
Your spell library was empty.

Inventory:

Hand Weapons
 d - a +0 orcbow (weapon)
Armour
 f - a +2 cloak (worn)
 h - a +1 ring mail (worn)
 l - a +2 helmet of see invisible (worn)
Jewellery
 g - a +6 ring of dexterity (right hand)
 k - a +5 ring of evasion (left hand)
Wands
 m - a wand of paralysis (4)
Potions
 j - a potion of magic
 n - a potion of might
 o - 3 potions of enlightenment

Dungeon Overview and Level Annotations

Branches:
Dungeon (8/15)             Temple (1/1) D:5            Lair (1/5) D:8

Altars:
Ashenzari
Cheibriados
Dithmenos
Elyvilon
Fedhas
Gozag
Hepliaklqana
Kikubaaqudgha
Makhleb
Nemelex Xobeh
Okawaru
Qazlal
Ru
Sif Muna
Trog
Uskayaw
Vehumet
Wu Jian
Xom
Yredelemnul
Zin
The Shining One


Message History

The water moccasin poisons you!
You shoot an arrow.
The arrow barely misses the water moccasin.
You feel very sick. The water moccasin closely misses you.
The water moccasin bites you.
You shoot an arrow.
The arrow closely misses the water moccasin.
The arrow hits the bullfrog but does no damage.
You feel very sick. The water moccasin bites you.
You are lethally poisoned!
The water moccasin poisons you!
You shoot an arrow. The arrow hits the water moccasin.
The water moccasin is severely wounded.
You feel very sick. The water moccasin misses you.
7715 ||| READING scroll of teleportation.
As you read the scroll of teleportation, it crumbles to dust.
You feel strangely unstable.
You feel very sick. The water moccasin closely misses you.
7716 ||| DRINKING potion of heal wounds.
You feel much better.
You feel very sick. The water moccasin bites you.
You are lethally poisoned!
The water moccasin poisons you!
The water moccasin completely misses you.
You shoot an arrow.
The arrow barely misses the water moccasin.
The arrow hits the bullfrog!!
You kill the bullfrog!
Okawaru accepts your kill.
Your surroundings suddenly seem different.
Found a book of Spontaneous Combustion.
Found a stone staircase leading down.
You feel extremely sick.
There is a lethal amount of poison in your body!
You feel very sick.
There is a lethal amount of poison in your body!
You die...

..#.......
......
......
......
#....
##....
#>..#
#.P.# #@#
#.# ...
..#P. #..


.PP #.. .PP. ... PPPPP #..: #PPPP. There were no monsters in sight!

Vanquished Creatures
  A cyclops (D:6)
  A gargoyle (D:8)
  A black mamba (Lair:1)
  2 hornets (D:7)
  3 blink frogs (Lair:1)
  A wraith (D:6)
  A wyvern (D:8)
  A steam dragon (D:6)
  2 water moccasins
  An orc warrior (D:8)
  2 sky beasts
  A black bear (D:7)
  4 ogres
  2 wolves (D:8)
  3 centaurs (D:8)
  2 phantoms (D:6)
  2 scorpions (D:5)
  8 bullfrogs
  6 killer bees (D:8)
  2 bombardier beetles (D:6)
  A jelly (D:4)
  4 hounds
  4 orc priests
  A sleepcap (D:6)
  An iguana (D:4)
  5 orc wizards
  12 adders
  3 shadow imps
  A white imp (D:7)
  6 dart slugs
  2 ribbon worms (D:4)
  23 orcs
  7 bats
  4 endoplasms
  4 giant cockroaches
  4 goblins
  A hobgoblin (D:4)
  6 jackals
  10 kobolds
  5 quokkas
  7 ball pythons
  3 frilled lizards
  5 rats
165 creatures vanquished.

Notes
Turn   | Place    | Note
-------+----------+-------------------------------------------
     0 | D:1      | qw the Deep Elf Hunter began the quest for the Orb.
     0 | D:1      | Reached XP level 1. HP: 12/12 MP: 3/3
     0 | D:1      | 0 ||| qw: Version: 0.3-a-160-g6735b56
     0 | D:1      | 0 ||| qw: Game counter: 5475
     0 | D:1      | 0 ||| qw: Melee chars always use a shield: true
     0 | D:1      | 0 ||| qw: God list: Okawaru
     0 | D:1      | 0 ||| qw: Allow faded altars: false
     0 | D:1      | 0 ||| qw: Do Orc after clearing Dungeon:15 true
     0 | D:1      | 0 ||| qw: Do second Lair branch before Depths: true
     0 | D:1      | 0 ||| qw: Lair rune preference: random
     0 | D:1      | 0 ||| qw: Goals: Normal
     0 | D:1      | 0 ||| PLANNING D:1-11
   165 | D:1      | Reached skill level 6 in Ranged Weapons
   165 | D:1      | Reached XP level 2. HP: 16/16 MP: 4/4
   809 | D:1      | 809 ||| UPGRADING to +0 cloak.
   814 | D:1      | 814 ||| UPGRADING to +0 ring mail.
   824 | D:1      | 824 ||| DROPPING +0 leather armour.
   825 | D:1      | 825 ||| READING scroll labelled WIGYRA RIUSH.
   826 | D:1      | 826 ||| READING scroll labelled OXUXEX GUZUE.
   826 | D:1      | 826 ||| IDENTIFYING blue potion
   827 | D:1      | 827 ||| READING scroll labelled UTARPH TAISOA.
   831 | D:1      | 831 ||| DROPPING scroll of butterflies.
   990 | D:2      | Reached XP level 3. HP: 20/20 MP: 5/5
  1160 | D:2      | Reached skill level 7 in Ranged Weapons
  1544 | D:2      | Reached XP level 4. HP: 25/25 MP: 6/6
  1641 | D:2      | Found a shimmering altar of Xom.
  1748 | D:2      | 1748 ||| UPGRADING to +1 helmet of see invisible.
  1753 | D:2      | 1753 ||| READING scroll of identify.
  1753 | D:2      | 1753 ||| IDENTIFYING yellow potion
  1754 | D:2      | 1754 ||| READING scroll labelled GYFRAA HIMETWEA.
  1755 | D:2      | 1755 ||| READING scroll labelled TEPEDA QE JOEL.
  1756 | D:2      | 1756 ||| READING scroll labelled ETUMAE OCOWK.
  1756 | D:2      | 1756 ||| BRANDING +0 shortbow.
  1862 | D:3      | Found a radiant altar of Vehumet.
  1976 | D:3      | Identified the +0 leather armour of Filth {rN++}
  2344 | D:3      | Reached skill level 8 in Ranged Weapons
  2527 | D:3      | 2527 ||| DROPPING +0 leather armour of Filth {rN++}.
  2528 | D:3      | 2528 ||| UPGRADING to +5 ring of evasion.
  2529 | D:3      | 2529 ||| READING scroll of identify.
  2529 | D:3      | 2529 ||| IDENTIFYING smoky amethyst potion
  2530 | D:3      | 2530 ||| DRINKING 2 brown potions.
  2531 | D:3      | 2531 ||| DROPPING potion of lignification.
  2559 | D:4      | Reached XP level 5. HP: 29/29 MP: 7/7
  2659 | D:4      | Reached skill level 9 in Ranged Weapons
  3084 | D:4      | Reached skill level 1 in Armour
  3151 | D:4      | Reached XP level 6. HP: 28/35 MP: 8/8
  3277 | D:4      | 3277 ||| DROPPING amulet of magic regeneration.
  3278 | D:4      | 3278 ||| READING scroll labelled YMEYMMUGAD.
  3279 | D:4      | 3279 ||| READING scroll labelled CATAWK BUSTRAB.
  3279 | D:4      | 3279 ||| ENCHANTING +1 helmet of see invisible.
  3280 | D:4      | 3280 ||| READING scroll labelled EPALUQ JEUXKAT.
  3316 | D:5      | Entered Level 5 of the Dungeon
  3438 | D:5      | 3438 ||| READING scroll of enchant armour.
  3438 | D:5      | 3438 ||| ENCHANTING +0 cloak.
  3675 | D:5      | Found a staircase to the Ecumenical Temple.
  3676 | D:5      | 3676 ||| PLANNING TEMPLE
  3676 | D:5      | 3676 ||| READING 2 scrolls of identify.
  3676 | D:5      | 3676 ||| IDENTIFYING glowing puce potion
  3677 | D:5      | 3677 ||| READING scroll of identify.
  3677 | D:5      | 3677 ||| IDENTIFYING metallic coppery potion
  3678 | D:5      | 3678 ||| DRINKING 2 fuming green potions.
  3679 | D:5      | 3679 ||| DROPPING potion of degeneration.
  3691 | Temple   | Entered the Ecumenical Temple
  3692 | Temple   | 3692 ||| PLANNING OKAWARU WORSHIP
  3766 | Temple   | Became a worshipper of Warmaster Okawaru
  3767 | Temple   | 3767 ||| PLANNING D:1-11
  4131 | D:5      | Reached skill level 10 in Ranged Weapons
  4164 | D:5      | Reached skill level 3 in Dodging
  4234 | D:5      | Reached XP level 7. HP: 39/40 MP: 9/9
  4298 | D:5      | 4298 ||| UPGRADING to +6 ring of dexterity.
  4299 | D:5      | 4299 ||| READING scroll labelled BUENGA WOSKELAEJ.
  4635 | D:6      | Reached * piety under Okawaru
  4636 | D:6      | Reached skill level 11 in Ranged Weapons
  4649 | D:6      | Reached skill level 1 in Invocations
  4663 | D:6      | 4663 ||| READING scroll of enchant armour.
  4663 | D:6      | 4663 ||| ENCHANTING +1 cloak.
  4686 | D:6      | Found a burning altar of Makhleb.
  4743 | D:6      | Reached XP level 8. HP: 44/44 MP: 12/12
  4751 | D:6      | Found a white marble altar of Elyvilon.
  4800 | D:6      | Reached skill level 3 in Invocations
  4825 | D:6      | 4825 ||| READING scroll of enchant armour.
  4825 | D:6      | 4825 ||| ENCHANTING +0 ring mail.
  4864 | D:6      | Reached skill level 12 in Ranged Weapons
  4949 | D:6      | Reached ** piety under Okawaru
  4968 | D:6      | Noticed a cyclops
  4969 | D:6      | 4969 ||| RETREEEEATING.
  4985 | D:6      | 4985 ||| INVOKING Heroism.
  4994 | D:6      | Reached skill level 3 in Fighting
  5003 | D:6      | Killed a cyclops
  5004 | D:6      | Reached skill level 6 in Dodging
  5145 | D:6      | Reached XP level 9. HP: 51/51 MP: 14/14
  5336 | D:6      | 5336 ||| DROPPING ring of flight.
  5337 | D:6      | 5337 ||| READING scroll labelled UMIFEZAOMU.
  5338 | D:6      | 5338 ||| DRINKING 2 viscous orange potions.
  5379 | D:7      | Reached skill level 13 in Ranged Weapons
  5410 | D:7      | Reached *** piety under Okawaru
  5610 | D:7      | 5610 ||| INVOKING Heroism.
  5620 | D:7      | Reached skill level 14 in Ranged Weapons
  5770 | D:7      | 5770 ||| INVOKING Heroism.
  5771 | D:7      | 5771 ||| DRINKING potion of haste.
  6171 | D:7      | 6171 ||| INVOKING Heroism.
  6171 | D:7      | Paralysed by a hornet for 1 turns
  6174 | D:7      | Paralysed by a hornet for 2 turns
  6174 | D:7      | HP: 10/52 [hornet (12)]
  6176 | D:7      | 6176 ||| READING 2 scrolls of teleportation.
  6176 | D:7      | HP: 4/52 [poisoned by a hornet]
  6177 | D:7      | 6177 ||| DRINKING 2 potions of heal wounds.
  6181 | D:7      | HP: 13/52 [poisoned by a hornet]
  6186 | D:7      | HP: 10/52 [poisoned by a hornet]
  6373 | D:7      | Found a broken altar of Ashenzari.
  6373 | D:7      | Found a sparkling altar of Nemelex Xobeh.
  6548 | D:7      | 6548 ||| DROPPING ring of ice.
  6549 | D:7      | 6549 ||| READING scroll of identify.
  6549 | D:7      | 6549 ||| IDENTIFYING murky black potion
  6550 | D:7      | 6550 ||| READING scroll labelled QOULAHO QIES.
  6651 | D:7      | 6651 ||| DROPPING potion of brilliance.
  6814 | D:8      | 6814 ||| RETREEEEATING.
  6815 | D:8      | 6815 ||| DRINKING potion of curing.
  6815 | D:8      | 6815 ||| (to cure confusion)
  6816 | D:8      | 6816 ||| RETREEEEATING.
  6817 | D:8      | 6817 ||| RETREEEEATING.
  6818 | D:8      | 6818 ||| RETREEEEATING.
  7075 | D:8      | Found a staircase to the Lair.
  7090 | D:8      | Reached XP level 10. HP: 59/59 MP: 15/15
  7113 | D:8      | Noticed a gargoyle
  7114 | D:8      | 7114 ||| INVOKING Heroism.
  7118 | D:8      | Killed a gargoyle
  7145 | D:8      | Reached skill level 9 in Dodging
  7359 | D:8      | 7359 ||| SWAPPING to +0 orcbow.
  7360 | D:8      | 7360 ||| DROPPING +0 shortbow of freezing.
  7560 | D:8      | 7560 ||| PLANNING LAIR
  7560 | D:8      | 7560 ||| DROPPING +1 helmet.
  7561 | D:8      | 7561 ||| READING scroll of identify.
  7561 | D:8      | 7561 ||| IDENTIFYING scroll labelled IGGIQUARAO
  7562 | D:8      | 7562 ||| DROPPING scroll of revelation.
  7607 | Lair:1   | Entered Level 1 of the Lair of Beasts
  7619 | Lair:1   | Noticed a black mamba
  7620 | Lair:1   | 7620 ||| INVOKING Heroism.
  7628 | Lair:1   | Killed a black mamba
  7647 | Lair:1   | 7647 ||| RETREEEEATING.
  7649 | Lair:1   | 7649 ||| RETREEEEATING.
  7654 | Lair:1   | 7654 ||| RETREEEEATING.
  7655 | Lair:1   | 7655 ||| RETREEEEATING.
  7656 | Lair:1   | 7656 ||| RETREEEEATING.
  7657 | Lair:1   | 7657 ||| RETREEEEATING.
  7658 | Lair:1   | 7658 ||| RETREEEEATING.
  7659 | Lair:1   | 7659 ||| RETREEEEATING.
  7660 | Lair:1   | 7660 ||| RETREEEEATING.
  7665 | Lair:1   | 7665 ||| RETREEEEATING.
  7676 | Lair:1   | Reached **** piety under Okawaru
  7677 | Lair:1   | Reached skill level 15 in Ranged Weapons
  7714 | Lair:1   | HP: 10/59 [poisoned by a water moccasin]
  7715 | Lair:1   | 7715 ||| READING scroll of teleportation.
  7716 | Lair:1   | 7716 ||| DRINKING potion of heal wounds.
  7719 | Lair:1   | Succumbed to a water moccasin's poison

Levels and vault maps discovered:
D:1:      orjb1_clovarrival, layout_loops_corners,
          hangedman_decor_clover_reticule, minmay_misc_feat_roman,
          minmay_misc_feat_hallway
D:2:      layout_basic, basic_altar
D:3:      layout_loops_corners, lemuel_tele_altar, minmay_three_crescents
D:4:      layout_basic
D:5:      layout_gridville, temple_pool_b
D:6:      layout_basic, lemuel_coloured_pillars_altar,
          mainiacjoe_overflow_paths, minmay_divided_ellipse
D:7:      layout_basic, gammafunk_temple_overflow_wave, minmay_misc_feat_square
D:8:      layout_basic, erik_lair_orcish_takeover
Temple:   minmay_temple_bridge_d
Lair:1:   layout_misc_corridors, serial_forest, infiniplex_forest_corner_2,
          infiniplex_forest_end_double, infiniplex_forest_diagonal,
          infiniplex_forest_zigzag_1, infiniplex_forest_clump_large,
          infiniplex_forest_clump_C, infiniplex_forest_lined_2,
          infiniplex_forest_side_room, infiniplex_forest_lined_room_2,
          wad_woods_river_04

Skill      XL: |  1  2  3  4  5  6  7  8  9 10 |
---------------+-------------------------------+-----
Ranged Weapons | 6 7 8 9 10 11 12 14 15 | 15.2
Fighting       | 2 3 5 |  5.3
Armour         | 1 2 |  2.2
Dodging        | 3 4 6 8 9 |  9.0
Invocations    | 2 4 |  4.4
Stealth        | |  1.2

Action                     |  1- 3 |  4- 6 |  7- 9 | 10-12 || total
---------------------------+-------+-------+-------+-------++-------
   Fire: Shortbow          |    81 |   156 |   346 |    40 ||   623
         Orcbow            |       |       |       |    51 ||    51
 Invoke: Heroism           |       |       |     4 |     2 ||     6
    Use: Scroll            |     3 |    11 |     7 |     2 ||    23
         Potion            |       |     2 |     4 |     1 ||     7
 Armour: Leather armour    |     1 |       |       |       ||     1
         Ring mail         |    12 |    24 |    69 |    32 ||   137
  Dodge: Dodged            |     7 |    34 |   119 |    81 ||   241

Table legend:
 A = Non-vault XP
 B = Vault XP
 C = Vault XP percentage of total XP
 D = Non-vault monster count
 E = Vault monster count
 F = Vault count percentage of total count
                 A         B        C        D         E       F
            +---------+---------+-------+---------+---------+-------
      Total |    5783 |    1986 |  25.6 |     137 |      28 |  17.0
            +---------+---------+-------+---------+---------+-------
        D:1 |      29 |       0 |   0.0 |      16 |       0 |   0.0
        D:2 |      79 |       0 |   0.0 |      24 |       0 |   0.0
        D:3 |      47 |      13 |  21.7 |      11 |       6 |  35.3
        D:4 |     220 |       0 |   0.0 |      24 |       0 |   0.0
        D:5 |     370 |       0 |   0.0 |       5 |       0 |   0.0
        D:6 |     918 |    1456 |  61.3 |      18 |      13 |  41.9
        D:7 |    1356 |       0 |   0.0 |      16 |       0 |   0.0
        D:8 |    1481 |     517 |  25.9 |      18 |       9 |  33.3
     Lair:1 |    1283 |       0 |   0.0 |       5 |       0 |   0.0
            +---------+---------+-------+---------+---------+-------
